 Dungeon Crawl Stone Soup version 0.20.0-15-g7f486f2 (webtiles) character file.

177 dobroeutro the Chopper (level 5, -1/41 HPs)
             Began as a Demonspawn Fighter on June 20, 2017.
             Slain by a gnoll
             ... wielding a +0 whip
              (5 damage)
             ... on level 4 of the Dungeon.
             The game lasted 00:03:33 (2026 turns).

dobroeutro the Chopper (Demonspawn Fighter)         Turns: 2026, Time: 00:03:34

Health: -1/41      AC:  8    Str: 17    XL:     5   Next: 31%
Magic:  5/5        EV:  6    Int: 10    God:
Gold:   84         SH:  0    Dex: 12    Spells: 4/4 levels left

rFire    . . .     SeeInvis .   a - +0 war axe
rCold    . . .     Gourm    .   c - +0 shield
rNeg     . . .     Faith    .   b - +0 scale mail
rPois    .         Spirit   .   (no helmet)
rElec    .         Reflect  .   (no cloak)
rCorr    .         Harm     .   (no gloves)
MR       +....                  u - +1 pair of boots
Stlth    ..........             (no amulet)
Regen    0.2/turn               m - ring of protection from magic
MPRegen  0.1/turn               (no ring)

@: confused
A: large bone plates 2, rot immunity
a: no special abilities


You were on level 4 of the Dungeon.
You were very hungry.

You visited 1 branch of the dungeon, and saw 4 of its levels.

You collected 84 gold pieces.

Inventory:

Hand Weapons
 a - a +0 war axe (weapon)
 i - a +0 short sword of flaming
Armour
 b - a +0 scale mail (worn)
 c - a +0 shield (worn)
 u - a +1 pair of boots (worn)
Jewellery
 m - a ring of protection from magic (left hand)
Wands
 x - a wand of lightning (7/15)
Scrolls
 g - a scroll of noise
 j - 10 scrolls of identify {unknown}
 n - 2 scrolls of fear {unknown}
 o - a scroll of immolation {unknown}
 t - a scroll of enchant armour {unknown}
 w - a scroll of recharging {unknown}
 y - a scroll of remove curse {unknown}
Potions
 d - a potion of might
 e - a potion of lignification {unknown}
 h - a potion of curing {unknown}
 p - 2 potions of flight {unknown}
 q - a potion of agility {unknown}
 r - a potion of mutation {unknown}
Comestibles
 f - 3 bread rations
 s - a meat ration
 v - 2 royal jellies


   Skills:
 - Level 3.0 Fighting
 + Level 5.1 Axes
 - Level 2.6 Armour
 - Level 2.6 Shields


You had 4 spell levels left.
You didn't know any spells.

Dungeon Overview and Level Annotations

Branches:
Dungeon (4/15)
 Temple: D:4-7

Altars:
Gozag

Annotations:
D:4 Sigmund


Innate Abilities, Weirdness & Mutations

You are mostly covered in large bone plates. (SH +6)
You are immune to rotting.


Message History

* * * LOW HITPOINT WARNING * * *
Unknown command.
You closely miss the orc wizard. You completely miss the orc.
You slash the gnoll!
You kill the gnoll!
Your Axes skill increases to level 5!
You slash the gnoll!
You kill the gnoll!
You feel less confused. The orc wizard casts a spell at you.
You are confused.
The orc completely misses you. The gnoll hits you with a whip.
* * * LOW HITPOINT WARNING * * *
Unknown command.
You hit the orc but do no damage. You miss the orc wizard. You hit the gnoll.
You closely miss the orc. The orc wizard barely misses you.
The orc hits you with a club.
* * * LOW HITPOINT WARNING * * *
The orc hits you but does no damage. The gnoll hits you with a whip.
You die...

******** #####* *,,,..,*
#....****** *,,,,..* #....+,,,,*
*******,,,,,.#########....*###+##
,,,,,,+,,,,,,'..........>.+#....#
,,,,,,*,,,,,,#....#**#...........
*****,*,,,,,,#..o.# **#........#
* *,,******#.goo# *###........#
**,,,,,* #.o@.# #.......<....
*,,,,,* ###'## #....##.#..##
*,,,,,* #.# #....*#....#* *,,****
#.# *#....,......# **,,** #.#
#....,.#.....# *,,,* #.#
#.?....+...$.# *,∩,* #.#
*,,,..,#..#### *,,,* #.#
*,,$..,..,* *,,** ####.#
******,****


You could see an orc wizard, a gnoll and 3 orcs.

Vanquished Creatures
  5 gnolls
  6 adders
  A dart slug (D:1)
  2 leopard geckos
  3 orcs
  7 bats
  8 giant cockroaches
  6 goblins
  7 hobgoblins
  A quokka (D:2)
  3 frilled lizards
  13 kobolds
  11 rats
73 creatures vanquished.

Notes
Turn   | Place    | Note
-------+----------+-------------------------------------------
     0 | D:1      | dobroeutro the Demonspawn Fighter began the quest for the Orb.
     0 | D:1      | Reached XP level 1. HP: 18/18 MP: 1/1
    16 | D:1      | Reached skill level 2 in Axes
    98 | D:1      | Gained mutation: You are immune to rotting. [demonic ancestry]
    98 | D:1      | Reached XP level 2. HP: 24/24 MP: 2/2
   282 | D:1      | Reached skill level 3 in Axes
   377 | D:1      | Gained mutation: You are partially covered in large bone plates. (SH +4) [demonic ancestry]
   377 | D:1      | Reached XP level 3. HP: 26/29 MP: 3/3
   921 | D:2      | Gained mutation: You are mostly covered in large bone plates. (SH +6) [demonic ancestry]
   921 | D:2      | Reached XP level 4. HP: 33/35 MP: 4/4
   924 | D:2      | Reached skill level 4 in Axes
  1270 | D:3      | Found an opulent altar of Gozag.
  1435 | D:3      | Reached XP level 5. HP: 34/41 MP: 5/5
  2004 | D:4      | Noticed Sigmund
  2025 | D:4      | Reached skill level 5 in Axes
  2026 | D:4      | Slain by a gnoll

Skill      XL: |  1  2  3  4  5 |
---------------+----------------+-----
Axes           | 2 3 4 5 |  5.1
Fighting       | |  3.0
Armour         | |  2.6
Shields        | |  2.6

Action                   |  1- 3 |  4- 6 || total
-------------------------+-------+-------++-------
Melee: War axe           |   146 |   104 ||   250
  Use: Scroll            |       |     3 ||     3
  Eat: Chunk             |       |     3 ||     3
Armor: Scale mail        |    70 |    42 ||   112
Dodge: Dodged            |    49 |    25 ||    74
Block: Shield            |   112 |   100 ||   212
